 Dungeon Crawl Stone Soup version 0.27.1-2-g3b301248ec (webtiles) character file.

Game seed: 12598025075095839642

312 Dexcius the Skirmisher (level 6, -3/56 HPs)
             Began as a Minotaur Berserker on Sept 26, 2021.
             Was a Believer of Trog.
             Slain by a gnoll (8 damage)
             ... on level 6 of the Dungeon.
             The game lasted 00:07:26 (2872 turns).

Dexcius the Skirmisher (Minotaur Berserker)         Turns: 2872, Time: 00:07:27

Health: -3/56      AC: 10    Str: 22    XL:     6   Next: 18%
Magic:  5/5        EV: 10    Int:  4    God:    Trog [**....]
Gold:   110        SH:  3    Dex: 11    Spells: 5/5 levels left

rFire    . . .     SeeInvis .   a - +1 hand axe
rCold    . . .     Faith    .   f - +0 buckler
rNeg     . . .     Spirit   .   e - +0 scale mail
rPois    .         Reflect  .   (helmet restricted)
rElec    .         Harm     .   j - +2 cloak
rCorr    .         Rampage  .   (no gloves)
Will     .....                  (no boots)
Stlth    ..........             (no amulet)
HPRegen  0.18/turn              (no ring)
MPRegen  0.09/turn              (no ring)

@: on berserk cooldown, slowed, very slow
A: horns 2, retaliatory headbutt
a: Renounce Religion, Berserk, Trog's Hand


You were on level 6 of the Dungeon.
You worshipped Trog.
Trog was pleased with you.
You visited 1 branch of the dungeon, and saw 6 of its levels.

You collected 110 gold pieces.

Inventory:

Hand Weapons
 a - a +1 hand axe (weapon)
Armour
 e - a +0 scale mail (worn)
 f - a +0 buckler (worn)
 j - a +2 cloak (worn)
Wands
 h - a wand of mindburst (15)
Scrolls
 i - 3 scrolls of identify
Potions
 b - 3 potions of curing
 c - a potion of degeneration {unknown}
 d - a potion of berserk rage
 g - a potion of ambrosia


   Skills:
 + Level 5.2 Fighting
 + Level 5.1 Axes
 + Level 4.7 Armour
 + Level 3.6 Dodging
 + Level 0.3 Stealth
 + Level 0.2 Shields


You had 5 spell levels left.
You didn't know any spells.
Your spell library was empty.

Dungeon Overview and Level Annotations

Branches:
Dungeon (7/15)
 Temple: D:4-7

Altars:
Wu Jian
Yredelemnul

Shops:
D:3 [


Innate Abilities, Weirdness & Mutations

You have a pair of horns on your head.
You reflexively headbutt those who attack you in melee.


Message History

Trog accepts your kill.
You hit the gnoll. You slash the gnoll!
You kill the gnoll!
Trog accepts your kill. The gnoll hits you with a +0 club.
* * * LOW HITPOINT WARNING * * *
Your life force feels restored.
Your Axes skill increases to level 5!
You have reached level 6!
Your experience leads to an increase in your attributes!
Increase (S)trength, (I)ntelligence, or (D)exterity?
You feel agile.
You slash the gnoll!
You kill the gnoll!
Trog accepts your kill.
The gnoll shouts!
Items here: )) [ ††.
You feel a strong urge to attack something.
You are no longer berserk.
You are exhausted.
You feel yourself slow down.
Things that are here:
a +1 halberd of distortion; a necrophage corpse The gnoll hits you from afar with a +0 spear.
* * * LOW HITPOINT WARNING * * *
The gnoll hits you but does no damage. x2
You barely miss the gnoll. The gnoll hits you with a +0 spear.
* * * LOW HITPOINT WARNING * * *
You barely miss the gnoll. Your headbutt misses the gnoll.
The gnoll closely misses you. x2
A gnoll shaman comes into view. It is wielding a +0 whip.
You barely miss the gnoll.
The gnoll shaman shouts!
The gnoll hits you with a +0 spear.
* * * LOW HITPOINT WARNING * * *
You block the gnoll's attack.
You hit the gnoll.
The gnoll is lightly wounded.
The gnoll hits you with a +0 spear!
You die...

#############
###)ggg@......#
#_#)#########.#
g#.#.#.8.# #.#
....g.g..# ###
#.#
..............#
#)#
g#.#.#.8.####.#
#.# # ###_#.#
#.# #.# ###.#
#.# #.# ....#
#.# #.#


You could see a gnoll shaman and 2 gnolls.

Vanquished Creatures
  A necrophage (D:6)
  Crazy Yiuf (D:3)
  Terence (D:3)
  Jessica (D:3)
  6 adders
  3 gnolls (D:6)
  3 worms
  A dart slug (D:3)
  4 orcs
  9 ball pythons
  7 bats
  An endoplasm (D:3)
  4 giant cockroaches
  4 goblins
  4 hobgoblins
  3 kobolds
  4 rats
57 creatures vanquished.

Notes
Turn   | Place    | Note
-------+----------+-------------------------------------------
     0 | D:1      | Dexcius the Minotaur Berserker began the quest for the Orb.
     0 | D:1      | Reached XP level 1. HP: 19/19 MP: 0/0
   179 | D:1      | Reached XP level 2. HP: 27/27 MP: 1/1
   888 | D:2      | Reached XP level 3. HP: 31/33 MP: 2/2
   987 | D:2      | Reached ** piety under Trog
  1121 | D:2      | Reached XP level 4. HP: 40/41 MP: 3/3
  1496 | D:3      | Noticed Terence
  1503 | D:3      | Killed Terence
  2052 | D:3      | Reached skill level 5 in Fighting
  2194 | D:3      | Noticed Jessica
  2198 | D:3      | Killed Jessica
  2199 | D:3      | Reached XP level 5. HP: 48/48 MP: 4/4
  2199 | D:3      | Found Voeh's Antique Armour Emporium.
  2378 | D:3      | Found a runed translucent door.
  2379 | D:3      | Noticed Crazy Yiuf
  2530 | D:3      | Killed Crazy Yiuf
  2753 | D:4      | You fall into a shaft and drop 3 floors!
  2835 | D:6      | Found a basalt altar of Yredelemnul.
  2836 | D:6      | Noticed a necrophage
  2837 | D:6      | Found an ornate altar of the Wu Jian Council.
  2858 | D:6      | Killed a necrophage
  2859 | D:6      | Reached skill level 5 in Axes
  2859 | D:6      | Reached XP level 6. HP: 17/56 MP: 5/5
  2872 | D:6      | Slain by a gnoll

Illustrated notes

Levels and vault maps discovered:
D:1:      psy_arrival_conway, layout_basic, serial_bayou_pond_d
D:2:      layout_loops_ring
D:3:      kennysheep_big_flooded_room, layout_basic, serial_shops,
          nicolae_shop_window_shopping, uniq_jessica, uniq_terence,
          uniq_crazy_yiuf_cottage
D:4:      layout_rooms, kennysheep_mini, fedhas_altar_3
D:6:      layout_loops_ring, mainiacjoe_overflow_brackets, minitemple
D:7:      layout_basic, nicolae_dithmenos_the_darkroom, minmay_temple_entry_grid

Skill      XL: |  1  2  3  4  5 |
---------------+----------------+-----
Axes           | 4 5 |  5.1
Fighting       | 4 5 |  5.2
Armour         | 3 4 |  4.7
Dodging        | 3 |  3.6
Stealth        | |  0.3
Shields        | |  0.2

Action                   |  1- 3 |  4- 6 || total
-------------------------+-------+-------++-------
Melee: Hand axe          |    59 |    56 ||   115
       Headbutt          |     9 |    15 ||    24
Invok: Berserk           |       |     1 ||     1
  Use: Potion            |       |     5 ||     5
       Scroll            |       |     4 ||     4
Armor: Animal skin       |     2 |       ||     2
       Scale mail        |    20 |    20 ||    40
Dodge: Dodged            |    39 |    28 ||    67
Block: Buckler           |     3 |     6 ||     9
